 Dungeon Crawl Stone Soup version 0.23-a0-407-g92528d7c89 (webtiles) character file.

95 Nixze the Stinger (level 4, -1/32 HPs)
             Began as a Gnoll Venom Mage on Nov 7, 2018.
             Was a Follower of Nemelex Xobeh.
             Slain by a mummy (13 damage)
             ... in an ossuary.
             The game lasted 00:05:40 (3492 turns).

Nixze the Stinger (Gnoll Venom Mage)                Turns: 3492, Time: 00:05:40

Health: -1/32      AC:  4    Str: 10    XL:     4   Next: 66%
Magic:  11/11      EV: 15    Int: 19    God:    Nemelex Xobeh [*.....]
Gold:   133        SH:  0    Dex: 15    Spells: 7/13 levels left

rFire    . . .     SeeInvis .   f - +0 mace
rCold    . . .     Gourm    .   (no shield)
rNeg     . . .     Faith    .   y - +0 robe (curse)
rPois    .         Spirit   .   k - +1 helmet
rElec    .         Reflect  .   (no cloak)
rCorr    .         Harm     .   (no gloves)
MR       .....                  (no boots)
Stlth    +++.......             (no amulet)
HPRegen  0.10/turn              (no ring)
MPRegen  0.12/turn              (no ring)

@: no status effects
A: distributed training, fangs 1, strong nose
a: Renounce Religion


You were in an ossuary.
You worshipped Nemelex Xobeh.
Nemelex Xobeh was aware of your devotion.
You were not hungry.

You visited 1 branch of the dungeon, and saw 4 of its levels.
You also visited: Ossuary.

You collected 133 gold pieces.

Inventory:

Hand Weapons
 f - a +0 mace (weapon)
Armour
 k - a +1 helmet (worn)
 y - a cursed +0 robe (worn)
Jewellery
 p - a +2 amulet of reflection {unknown}
 r - an uncursed amulet of magic regeneration {unknown}
Scrolls
 a - 3 scrolls of enchant armour
 e - 3 scrolls of remove curse
 h - 2 scrolls of amnesia {unknown}
 o - a scroll of blinking {unknown}
 q - 4 scrolls of identify {unknown}
 s - a scroll of noise {unknown}
 u - a scroll of magic mapping {unknown}
 w - a scroll of random uselessness {unknown}
Potions
 b - 3 potions of curing {unknown}
 g - a potion of agility {unknown}
 i - a potion of cancellation {unknown}
 j - a potion of berserk rage {unknown}
 l - a potion of heal wounds {unknown}
 m - a potion of ambrosia {unknown}
 n - 2 potions of lignification {unknown}
 v - a potion of brilliance {unknown}
Miscellaneous
 d - an ornate deck of summoning
 t - a plain deck of destruction
Comestibles
 c - 5 rations


   Skills:
 + Level 1.2 Fighting
 + Level 1.2 Short Blades
 + Level 1.2 Long Blades
 + Level 1.2 Axes
 + Level 1.2 Maces & Flails
 + Level 1.2 Polearms
 + Level 1.2 Staves
 + Level 1.2 Slings
 + Level 1.2 Bows
 + Level 1.2 Crossbows
 + Level 1.2 Throwing
 + Level 1.2 Armour
 + Level 4.6 Dodging
 + Level 4.3 Stealth
 + Level 1.2 Shields
 + Level 1.2 Unarmed Combat
 + Level 5.1 Spellcasting
 + Level 2.2 Conjurations
 + Level 1.0 Hexes
 + Level 1.0 Charms
 + Level 1.0 Summonings
 + Level 1.0 Necromancy
 + Level 1.0 Translocations
 + Level 1.0 Transmutations
 + Level 1.0 Fire Magic
 + Level 1.0 Ice Magic
 + Level 1.0 Air Magic
 + Level 1.0 Earth Magic
 + Level 5.5 Poison Magic
 + Level 1.3 Invocations
 + Level 1.2 Evocations


You had 7 spell levels left.
You knew the following spells:

 Your Spells              Type           Power        Failure   Level  Hunger
a - Sting                 Conj/Pois      ###.         2%          1    None
b - Poisonous Vapours     Pois/Air       ###...       4%          2    #......
c - Mephitic Cloud        Conj/Pois/Air  ###.....     11%         3    ##.....

Your spell library contained the following spells:

 Spells                   Type           Power        Failure   Level  Hunger
 Olgreb's Toxic Radiance  Pois           ####....     13%         4    ####...
 Venom Bolt               Conj/Pois      ###.......   56%         5    ######.


Dungeon Overview and Level Annotations

Branches:
Dungeon (4/15)
 Temple: D:4-7

Altars:
Nemelex Xobeh
Qazlal
Ru


Innate Abilities, Weirdness & Mutations

Your experience applies equally to all skills.
You have very sharp teeth.
Your uncanny sense of smell can sniff out nearby items.


Message History

You start waiting.
You hear a splashing noise.
A mummy opens the door.
A bog mummy comes into view.
You strike the helpless mummy from behind!
You hit the mummy. You bite the mummy, but do no damage.
The mummy is moderately damaged.
A bog mummy comes into view.
A bullfrog zombie comes into view.
You hit the mummy.
The mummy is moderately damaged.
The bullfrog zombie hits the withered plant.
The bullfrog zombie hits the withered plant but does no damage.
The mummy hits you!!
Ouch! That really hurt!
You hit the mummy.
The mummy is heavily damaged.
The bullfrog zombie hits the withered plant but does no damage.
The mummy hits you!
You die...
Your body glows slightly and disappears. ## #≈ #≈ ### ≈≈ #≈# #P .≈ #PMM

#≈≈≈#'#M#.≈Z#≈
#.....≈≈≈≈≈≈≈≈
##M## #@..#
#.∩.# #..∩#
##### ∆∆∆ ∆∆∆
∆∆∆ ∆∆∆ ∆∆∆
∆∆∆


You could see a mummy and 2 bog mummies.

Vanquished Creatures
  3 adders (D:3)
  A worm (D:2)
  4 dart slugs
  2 leopard geckos (D:1)
  An orc (D:3)
  5 bats
  5 giant cockroaches (D:1)
  6 goblins
  5 hobgoblins
  3 jackals (D:3)
  5 kobolds
  A ball python (D:1)
  6 frilled lizards
  7 rats
54 creatures vanquished.

Vanquished Creatures (others)
  A withered plant (Ossuary)
1 creature vanquished.

Grand Total: 55 creatures vanquished

Notes
Turn   | Place    | Note
-------+----------+-------------------------------------------
     0 | D:1      | Nixze the Gnoll Venom Mage began the quest for the Orb.
     0 | D:1      | Reached XP level 1. HP: 13/13 MP: 6/6
   183 | D:1      | Reached XP level 2. HP: 19/19 MP: 4/7
   215 | D:1      | Learned a level 2 spell: Poisonous Vapours
   713 | D:1      | Reached XP level 3. HP: 25/25 MP: 6/9
   825 | D:1      | Reached skill level 5 in Spellcasting
  1497 | D:1      | Reached skill level 1 in Invocations
  1884 | D:2      | Found a sparkling altar of Nemelex Xobeh.
  1899 | D:2      | Became a worshipper of Nemelex Xobeh the Trickster
  1945 | D:2      | Learned a level 3 spell: Mephitic Cloud
  1953 | D:2      | Received a gift from Nemelex Xobeh
  2450 | D:3      | Found a stormy altar of Qazlal.
  2559 | D:3      | Reached skill level 1 in Fighting
  2559 | D:3      | Reached skill level 1 in Short Blades
  2559 | D:3      | Reached skill level 1 in Long Blades
  2559 | D:3      | Reached skill level 1 in Axes
  2559 | D:3      | Reached skill level 1 in Maces & Flails
  2559 | D:3      | Reached skill level 1 in Polearms
  2559 | D:3      | Reached skill level 1 in Staves
  2559 | D:3      | Reached skill level 1 in Slings
  2559 | D:3      | Reached skill level 1 in Bows
  2559 | D:3      | Reached skill level 1 in Crossbows
  2559 | D:3      | Reached skill level 1 in Throwing
  2559 | D:3      | Reached skill level 1 in Armour
  2559 | D:3      | Reached skill level 1 in Shields
  2559 | D:3      | Reached skill level 1 in Unarmed Combat
  2559 | D:3      | Reached skill level 1 in Evocations
  2559 | D:3      | Reached XP level 4. HP: 32/32 MP: 3/11
  2826 | D:3      | Reached * piety under Nemelex Xobeh
  3016 | D:3      | Reached skill level 1 in Hexes
  3016 | D:3      | Reached skill level 1 in Charms
  3016 | D:3      | Reached skill level 1 in Summonings
  3016 | D:3      | Reached skill level 1 in Necromancy
  3016 | D:3      | Reached skill level 1 in Translocations
  3016 | D:3      | Reached skill level 1 in Transmutations
  3016 | D:3      | Reached skill level 1 in Fire Magic
  3016 | D:3      | Reached skill level 1 in Ice Magic
  3016 | D:3      | Reached skill level 1 in Air Magic
  3016 | D:3      | Reached skill level 1 in Earth Magic
  3207 | D:3      | Found a sacrificial altar of Ru.
  3408 | D:4      | Received a gift from Nemelex Xobeh
  3422 | D:4      | Found a sand-covered staircase.
  3440 | Ossuary  | Entered an ossuary
  3492 | Ossuary  | Slain by a mummy

Vault maps used:
D:1:      dpeg_arrival_circle_labyrinth_a
D:2:      nemelex_xobeh_ov_fountains_minmay
D:3:      lemuel_round_altar, first_ration, serial_corexii_hall,
          chequers_hall_statues_corner_a, corexii_hall_statues_x,
          grunt_qazlal_clouds
D:4:      enter_ossuary_1, uniq_blork_the_orc
Ossuary:  ossuary_zaba_flooded

Skill      XL: |  1  2  3  4 |
---------------+-------------+-----
Conjurations   | 2 |  2.2
Spellcasting   | 5 |  5.1
Invocations    | 1 |  1.3
Fighting       | 1 |  1.2
Short Blades   | 1 |  1.2
Long Blades    | 1 |  1.2
Axes           | 1 |  1.2
Maces & Flails | 1 |  1.2
Polearms       | 1 |  1.2
Staves         | 1 |  1.2
Slings         | 1 |  1.2
Bows           | 1 |  1.2
Crossbows      | 1 |  1.2
Throwing       | 1 |  1.2
Armour         | 1 |  1.2
Shields        | 1 |  1.2
Unarmed Combat | 1 |  1.2
Evocations     | 1 |  1.2
Hexes          | 1 |  1.0
Charms         | 1 |  1.0
Summonings     | 1 |  1.0
Necromancy     | 1 |  1.0
Translocations | 1 |  1.0
Transmutations | 1 |  1.0
Fire Magic     | 1 |  1.0
Ice Magic      | 1 |  1.0
Air Magic      | 1 |  1.0
Earth Magic    | 1 |  1.0
Dodging        | |  4.6
Stealth        | |  4.3
Poison Magic   | |  5.5

Action                   |  1- 3 |  4- 6 || total
-------------------------+-------+-------++-------
Melee: Mace              |    11 |     4 ||    15
       Unarmed           |     3 |       ||     3
       Bite              |     1 |     1 ||     2
 Cast: Sting             |    16 |       ||    16
       Poisonous Vapours |    50 |    17 ||    67
  Use: Scroll            |     2 |       ||     2
 Stab: Distracted        |       |     1 ||     1
  Eat: Chunk             |     5 |     3 ||     8
Armor: Leather armour    |     9 |     1 ||    10
Dodge: Dodged            |    23 |     3 ||    26

Table legend:
 A = Non-vault XP
 B = Vault XP
 C = Vault XP percentage of total XP
 D = Non-vault monster count
 E = Vault monster count
 F = Vault count percentage of total count
                 A         B        C        D         E       F
            +---------+---------+-------+---------+---------+-------
      Total |     137 |       0 |   0.0 |      54 |       0 |   0.0
            +---------+---------+-------+---------+---------+-------
        D:1 |      58 |       0 |   0.0 |      30 |       0 |   0.0
        D:2 |      14 |       0 |   0.0 |       8 |       0 |   0.0
        D:3 |      65 |       0 |   0.0 |      16 |       0 |   0.0
            +---------+---------+-------+---------+---------+-------
